 Dungeon Crawl Stone Soup version bcrawl-1.19.1 (webtiles) character file.

Game seed: 11511748274362424391

42 JackS81 the Ducker (level 3, -2/29 HPs)
             Began as a Minotaur Archaeologist on Nov 29, 2019.
             Slain by Sigmund
             ... wielding a +0 scythe
              (10 damage)
             ... on level 2 of the Dungeon.
             The game lasted 00:03:12 (1226 turns).

JackS81 the Ducker (Minotaur Archaeologist)         Turns: 1226, Time: 00:03:13

Health: -2/29      AC:  6    Str: 17    XL:     3   Next: 33%
Magic:  3/3        EV: 13    Int: 11    God:
Gold:   98         SH:  0    Dex:  9    Spells: 3/3 levels left

rFire    . . .     SeeInvis .   a - +0 whip
rCold    . . .     Gourm    .   (no shield)
rNeg     . . .     Faith    .   b - +1 robe
rPois    .         Spirit   .   c - +1 hat
rElec    .         Reflect  .   (no cloak)
rCorr    .         Harm     .   (no gloves)
MR       .....                  d - +1 pair of boots
Stlth    +.........             (no amulet)
HPRegen  0.09/turn              (no ring)
MPRegen  0.08/turn              (no ring)

@: confused, berserk cooldown, very slightly contaminated, slowed, studying
Spellcasting, invisible, very slow
A: retaliatory headbutt, fangs 1, horns 2, strong 1
a: no special abilities


You were on level 2 of the Dungeon.
You were not hungry.

You visited 1 branch of the dungeon, and saw 2 of its levels.

You collected 98 gold pieces.

Inventory:

Hand Weapons
 a - a +0 whip (weapon)
 r - a +3 war axe
Missiles
 n - 209 stones (quivered)
Armour
 b - a +1 robe (worn)
 c - a +1 hat (worn)
 d - a +1 pair of boots (worn)
Jewellery
 s - an uncursed amulet of guardian spirit
Scrolls
 h - a scroll of identify {unknown}
 i - a scroll of fog {unknown}
 k - a scroll of enchant weapon {unknown}
 l - a scroll of blinking {unknown}
 o - 2 scrolls of amnesia {unknown}
 p - 2 scrolls of remove curse {unknown}
Potions
 t - a potion of invisibility
Books
 e - a manual of Spellcasting
Miscellaneous
 f - an ancient crate
Comestibles
 g - 6 rations {!d}
 u - a chunk of flesh


   Skills:
 + Level 2.3 Fighting
 + Level 3.1 Maces & Flails
 - Level 3.2 Dodging
 - Level 2.6 Stealth
 * Level 0.8 Spellcasting


You had 3 spell levels left.
You didn't know any spells.
Your spell library was empty.

Dungeon Overview and Level Annotations

Branches:
Dungeon (2/12)

Altars:

Annotations:
D:2 Sigmund


Innate Abilities, Weirdness & Mutations

You reflexively headbutt those who attack you in melee.
You have a pair of horns on your head.
You have very sharp teeth.
Your muscles are strong. (Str +2)


Message History

The bat closely misses you. Something hits you.
* * * LOW HITPOINT WARNING * * *
You hit something but do no damage. Your headbutt misses something.
The bat misses you.
You hear some strange, mumbled words.
You are confused.
Drop what? 18/52 slots (_ for help) (? for menu, Esc to quit)
Okay, then.
The bat misses you. Something hits you but does no damage.
The bat hits you but does no damage. Something barely misses you.
The bat hits you but does no damage.
You hear some strange, mumbled words.
Something tries to affect you, but you resist.
The bat closely misses you.
You hear some strange, mumbled words.
You are more confused.
The bat hits you.
* * * LOW HITPOINT WARNING * * *
Something hits you!
You die...

).[.#...........
....#...########
.#.#....# #.. .#...#..#
#.# .#......# #.########
.'...#..# #........#
.###.#..# #...b....#
...#.#..# #........#
...#....# #....@...##.##
...#....####...{.........
.............###.#####.#.
...###..#######....
........# #......
######>## #......# ###
#......# #......#
#......#


You could see a bat.

Vanquished Creatures
  3 oozes
  2 dart slugs
  3 goblins (D:1)
  5 hobgoblins
  2 jackals (D:1)
  A kobold (D:2)
  A quokka (D:2)
  A bat (D:1)
  A frilled lizard (D:2)
  5 rats
24 creatures vanquished.

Notes
Turn   | Place    | Note
-------+----------+-------------------------------------------
     0 | D:1      | JackS81 the Minotaur Archaeologist began the quest for the
                  | Orb.
     0 | D:1      | Reached XP level 1. HP: 16/16 MP: 0/0
   109 | D:1      | Reached XP level 2. HP: 24/24 MP: 1/1
   858 | D:2      | Reached XP level 3. HP: 26/29 MP: 2/2
  1194 | D:2      | Noticed Sigmund
  1211 | D:2      | Gained mutation: Your muscles are strong. (Str +2) [potion
                  | of mutation]
  1211 | D:2      | Gained mutation: You have very sharp teeth. [potion of
                  | mutation]
  1226 | D:2      | Slain by Sigmund

Skill      XL: |  1  2 |
---------------+-------+-----
Fighting       | 2 |  2.3
Maces & Flails | 2 3 |  3.1
Dodging        | |  3.2
Stealth        | |  2.6
Spellcasting   | |  0.8

Action                   || total
-------------------------++-------
Melee: Whip              ||    65
       Headbutt          ||    10
  Use: Potion            ||     4
 Stab: Sleeping          ||     2
  Eat: Chunk             ||     1
Armor: Robe              ||    22
Dodge: Dodged            ||    41
